 Dungeon Crawl Stone Soup version 0.24-a0-434-gd57e52fea8 (webtiles) character file.

Game seed: 7425206841213142755

5662 mhoghedin the Thaumaturge (level 10, -10/63 HPs)
             Began as a Mummy Conjurer on June 16, 2019.
             Was a Follower of Vehumet.
             Shot with an arrow by a centaur (11 damage)
             ... on level 9 of the Dungeon.
             The game lasted 00:21:07 (10522 turns).

mhoghedin the Thaumaturge (Mummy Conjurer)         Turns: 10522, Time: 00:21:08

Health: -10/63     AC: 11    Str: 11    XL:     10   Next: 47%
Magic:  10/25      EV: 11    Int: 23    God:    Vehumet [*.....]
Gold:   495        SH:  0    Dex: 12    Spells: 14/32 levels left

rFire    . . .     SeeInvis .   j - +2 whip (drain)
rCold    + . .     Gourm    .   (no shield)
rNeg     + + +     Faith    .   r - +3 leather armour {rF+}
rPois    ∞         Spirit   .   l - +0 helmet
rElec    .         Reflect  .   g - +0 cloak
rCorr    .         Harm     .   q - +2 pair of gloves
MR       +....                  (no boots)
Stlth    ++........             (no amulet)
HPRegen  0.20/turn              f - +4 ring of intelligence
MPRegen  0.19/turn              t - ring of stealth {Stlth+}

@: about to teleport
A: no food or potions, fire vulnerability, cold resistance 1, negative energy
resistance 3, torment resistance, unbreathing
a: Renounce Religion


You were on level 9 of the Dungeon.
You worshipped Vehumet.
Vehumet was aware of your devotion.
You were not hungry.

You visited 1 branch of the dungeon, and saw 9 of its levels.
You also visited: Sewer.

You collected 495 gold pieces.

Inventory:

Hand Weapons
 j - a +2 whip of draining (weapon)
   (You took it off a kobold on level 2 of the Dungeon)
Missiles
 u - 4 curare-tipped darts (quivered)
Armour
 g - a +0 cloak (worn)
   (You found it on level 2 of the Dungeon)
 l - a +0 helmet (worn)
   (You found it in a sewer)
 q - a +2 pair of gloves (worn)
   (You found it on level 4 of the Dungeon)
 r - a +3 leather armour of fire resistance (worn)
   (You took it off an orc on level 4 of the Dungeon)
Jewellery
 f - a +4 ring of intelligence (left hand)
   (You found it on level 1 of the Dungeon)
 t - a ring of stealth (right hand) {Stlth+}
   (You found it on level 8 of the Dungeon)
Wands
 m - a wand of flame (14)
   (You found it on level 6 of the Dungeon)
 p - a wand of digging (5)
   (You found it on level 4 of the Dungeon)
Scrolls
 b - 3 scrolls of remove curse
 c - 3 scrolls of fear
 d - 3 scrolls of magic mapping {!r}
 e - 2 scrolls of immolation {!r}
 h - 3 scrolls of amnesia
 i - 2 scrolls of teleportation
 k - a scroll of fog {unknown}
 n - a scroll of enchant armour {unknown}
 o - 2 scrolls of enchant weapon {unknown}
 s - 4 scrolls of random uselessness


   Skills:
 - Level 1.5 Dodging
 - Level 1.5 Stealth
 + Level 11.5 Spellcasting
 + Level 8.8 Conjurations
 + Level 7.3 Hexes


You had 14 spell levels left.
You knew the following spells:

 Your Spells              Type           Power        Failure   Level  Hunger
a - Magic Dart            Conj           ####         1%          1    N/A
b - Searing Ray           Conj           ######       1%          2    N/A
c - Dazzling Spray        Conj/Hex       ######       1%          3    N/A
d - Fulminant Prism       Conj/Hex       ######....   2%          4    N/A
e - Force Lance           Conj/Tloc      ####....     11%         4    N/A
x - Iskenderun's Mystic   Conj           ######..     1%          4    N/A

Your spell library contained the following spells:

 Spells                   Type           Power        Failure   Level  Hunger
 Flame Tongue             Conj/Fire      ####.        1%          1    N/A
 Tukima's Dance           Hex            #####...     1%          3    N/A
 Spectral Weapon          Hex/Chrm       ####....     4%          3    N/A
 Apportation              Tloc           ##....       6%          1    N/A
 Infusion                 Chrm           ##..         6%          1    N/A
 Summon Butterflies       Summ           ##......     6%          1    N/A
 Shroud of Golubria       Chrm/Tloc      ##....       10%         2    N/A
 Song of Slaying          Chrm           ##......     10%         2    N/A
 Lesser Beckoning         Tloc           ##........   19%         3    N/A
 Invisibility             Hex            #####...     43%         6    N/A
 Alistair's Intoxication  Tmut/Pois      ##......     87%         5    N/A
 Regeneration             Chrm/Necr      Unusable     N/A         3    N/A

Dungeon Overview and Level Annotations

Branches:
Dungeon (9/15)             Temple (0/1) D:7             Orc (0/2) D:9
   Lair: D:8-11

Altars:
Elyvilon
Gozag
Ru
Vehumet
Wu Jian
Yredelemnul
The Shining One

Shops:
D:4 *   D:8 *

Annotations:
D:9 Harold


Innate Abilities, Weirdness & Mutations

You do not eat or drink.
Your flesh is vulnerable to fire.
You are immune to poison.
Your flesh is cold resistant. (rC+)
You are immune to negative energy. (rN+++)
You are immune to unholy pain and torment.
You can survive without breathing.


Message History

There is a stone staircase leading up here.
Harold the Weathered comes into view.
He is wielding a +0 scimitar.
Okay, then.
Okay, then.
Unknown command.
Okay, then.
Found a stone staircase leading up.
Found a staircase to the Orcish Mines.
A jelly comes into view.
You conjure a prism of explosive energy!
You now have 21/25 mp.
Your fulminant prism crackles loudly.
The blast of energy engulfs the jelly!!
You kill the jelly!
Vehumet accepts your kill.
You hear a shout! x6
Something shouts, "Begone, thou surly fly-bitten jarkman!"
A gnoll comes into view. It is wielding a +0 club.
A gnoll and a gnoll sergeant come into view.
A gnoll comes into view. It is wielding a +0 flail.
The gnoll sergeant shouts!
You hear a shout! x2
You conjure a prism of explosive energy!
You now have 18/25 mp.
You conjure a prism of explosive energy!
An orc comes into view. It is wielding a +0 dagger.
The gnoll hits you but does no damage.
Your fulminant prism crackles loudly.
You now have 14/25 mp.
The blast of energy engulfs the gnoll!!
You kill the gnoll!
Vehumet accepts your kill.
You feel your power returning.
The blast of energy engulfs the gnoll!!
You kill the gnoll!
Vehumet accepts your kill.
You feel your power returning. The blast of energy engulfs you!!
Your fulminant prism crackles loudly.
You hear a shout! x7
Harold throws a throwing net.
The throwing net hits you.
You become entangled in the net!
The blast of energy engulfs the gnoll!
You kill the gnoll!
Vehumet accepts your kill.
The blast of energy engulfs the gnoll sergeant but does no damage.
You see here a throwing net {=f, !d}.
You take 24 damage, and have 39/63 hp.
MASSIVE DAMAGE!!
You regained 3 mp, and now have 17/25 mp.
You struggle against the net.
You struggle against the net.
The gnoll sergeant hits you from afar with a +0 spear.
You take 1 damage, and have 38/63 hp.
You conjure a prism of explosive energy!
A gnoll comes into view. It is wielding a +4 spear of freezing.
The gnoll sergeant hits you but does no damage.
An orc priest comes into view. It is wielding a +0 flail.
You now have 13/25 mp.
You conjure a prism of explosive energy!
The gnoll sergeant hits you from afar with a +0 spear.
An orc warrior comes into view.
It is wielding a +0 war axe of freezing.
Your fulminant prism crackles loudly.
You take 6 damage, and have 32/63 hp.
You now have 9/25 mp.
You struggle against the net.
The gnoll sergeant barely misses you.
A shadow imp comes into view.
An orc comes into view. It is wielding a -3 club.
Your fulminant prism crackles loudly.
An arrow appears from out of your range of vision.
The arrow hits your fulminant prism!
The blast of energy engulfs the gnoll sergeant!!
The blast of energy engulfs the orc priest!
The blast of energy engulfs the orc!!
You kill the orc!
Vehumet accepts your kill.
You struggle against the net.
The gnoll sergeant hits you from afar with a +0 spear.
An orc comes into view. It is wielding a +0 club.
An arrow appears from out of your range of vision.
The arrow hits your fulminant prism!
You hear a shout! x2
You take 1 damage, and have 32/63 hp.
As you read the scroll of teleportation, it crumbles to dust.
You feel strangely unstable. Harold hits you with a +0 scimitar.
A centaur comes into view. It is wielding a +0 shortbow.
The gnoll sergeant hits you from afar with a +0 spear!
You take 11 damage, and have 21/63 hp.
Unknown command.
You struggle against the net.
The orc priest begins to cast a cantrip, but forgets the words!
The gnoll sergeant hits you from afar with a +0 spear.
* * * LOW HITPOINT WARNING * * *
Harold closely misses you.
You take 6 damage, and have 15/63 hp.
You shred the net and break free! The gnoll completely misses you.
The shadow imp summons a swarm of flies.
The gnoll sergeant hits you but does no damage.
Harold hits you with a +0 scimitar!
* * * LOW HITPOINT WARNING * * *
The centaur shoots an arrow.
The arrow hits you!
You die...

....#..........
....#..........
........<.............
...............#......
.......ooo.....#........
.......)................
.......g.g.........##..
..o....)...#..........##
.......@...#.#.........#
..(.^..@........#......#
.....(........####.....#
...>...##5.....#..<.....
.###... #..............#
#..#. #....#..........
.c..#..........##...#..
.................#..## .
.... ...........###..#


You could see Harold, an orc warrior, a gnoll sergeant, a centaur, an orc
priest, a gnoll, a shadow imp and 2 orcs.

Vanquished Creatures
  A hydra (D:8)
  A two-headed ogre (D:8)
  An unseen horror (D:8)
  Pikel (D:7)
  2 dream sheep (D:8)
  Sigmund (D:6)
  A wyvern (D:8)
  2 yaks (D:8)
  3 ice beasts
  A sky beast (D:7)
  4 slaves
  A black bear (D:8)
  6 big kobolds
  5 bullfrogs
  5 killer bees (D:8)
  3 wights
  A centaur zombie (D:7)
  3 hounds
  5 orc priests
  3 jellies
  3 orc wizards
  An iguana (D:8)
  3 worker ants
  A killer bee zombie (D:5)
  A hound zombie (D:7)
  6 gnolls
  A howler monkey skeleton (D:5)
  6 adders
  A river rat (D:4)
  4 shadow imps
  An ooze (Sewer)
  An adder zombie (D:6)
  4 worms
  An adder skeleton (D:8)
  A dart slug (D:1)
  7 leopard geckos
  30 orcs
  4 giant cockroaches
  7 goblins
  5 hobgoblins
  12 jackals
  19 kobolds
  2 quokkas
  6 ball pythons
  9 bats
  7 frilled lizards
  A goblin skeleton (D:6)
  A goblin zombie (D:6)
  4 hobgoblin zombies (D:6)
  A kobold zombie (D:6)
  A leopard gecko skeleton (D:4)
  2 orc zombies (D:6)
  A quokka skeleton (D:4)
  6 rats
210 creatures vanquished.

Vanquished Creatures (others)
  16 fulminant prisms
16 creatures vanquished.

Grand Total: 226 creatures vanquished

Notes
Turn   | Place    | Note
-------+----------+-------------------------------------------
     0 | D:1      | mhoghedin the Mummy Conjurer began the quest for the Orb.
     0 | D:1      | Reached XP level 1. HP: 13/13 MP: 4/4
   164 | D:1      | Reached skill level 3 in Spellcasting
   319 | D:1      | Reached XP level 2. HP: 19/19 MP: 1/6
  1042 | D:2      | Learned a level 2 spell: Searing Ray
  1337 | D:2      | Reached XP level 3. HP: 24/24 MP: 6/8
  1434 | D:2      | Reached skill level 4 in Spellcasting
  1567 | D:2      | Reached skill level 4 in Conjurations
  2130 | D:3      | Reached XP level 4. HP: 30/30 MP: 7/10
  2443 | D:3      | HP: 6/30 [orc priest/+0 club (2)]
  2446 | D:3      | Reached skill level 5 in Spellcasting
  2446 | D:3      | Reached XP level 5. HP: 3/35 MP: 4/12
  3791 | D:4      | Found Fuontatt's Assorted Antiques.
  3823 | D:4      | HP: 5/35 [worker ant (7)]
  4125 | D:4      | Found a glowing drain.
  4129 | Sewer    | Entered a sewer
  4168 | Sewer    | Reached skill level 6 in Spellcasting
  4168 | Sewer    | Reached skill level 5 in Conjurations
  4168 | Sewer    | Reached XP level 6. HP: 22/41 MP: 3/15
  4425 | Sewer    | Learned a level 3 spell: Dazzling Spray
  4430 | Sewer    | Learned a level 4 spell: Iskenderun's Mystic Blast
  4435 | Sewer    | Learned a level 4 spell: Fulminant Prism
  4751 | Sewer    | Learned a level 4 spell: Force Lance
  5000 | D:4      | You fall into a shaft and drop 3 floors!
  5022 | D:6      | Got a heavily runed ring mail
  5033 | D:6      | Identified the cursed +1 ring mail of Huuptogg {rN++ Str-2
                  | Dex+3} (You found it on level 6 of the Dungeon)
  5184 | D:6      | Found a glowing golden altar of the Shining One.
  5308 | D:6      | Reached XP level 7. HP: 46/46 MP: 14/17
  5457 | D:6      | Noticed Sigmund
  5458 | D:6      | Reached skill level 1 in Hexes
  5471 | D:6      | Killed Sigmund
  5471 | D:6      | Reached skill level 7 in Spellcasting
  5557 | D:6      | Found a sacrificial altar of Ru.
  5645 | D:6      | Reached skill level 2 in Hexes
  5724 | D:5      | Entered Level 5 of the Dungeon
  5767 | D:5      | Found an ornate altar of the Wu Jian Council.
  5816 | D:5      | Found a basalt altar of Yredelemnul.
  5868 | D:5      | Found a radiant altar of Vehumet.
  5896 | D:5      | Became a worshipper of Vehumet
  6025 | D:5      | Reached skill level 6 in Conjurations
  6153 | D:5      | Found a white marble altar of Elyvilon.
  6204 | D:5      | Found a transporter.
  6229 | D:5      | HP: 10/46 [killer bee zombie (4)]
  6230 | D:5      | HP: 4/46 [killer bee zombie (6)]
  6579 | D:5      | Found a transporter.
  6870 | D:5      | Reached XP level 8. HP: 47/52 MP: 14/19
  6883 | D:5      | Reached skill level 8 in Spellcasting
  6883 | D:5      | Reached skill level 3 in Hexes
  8039 | D:7      | Noticed Pikel
  8049 | D:7      | Killed Pikel
  8049 | D:7      | Reached skill level 9 in Spellcasting
  8049 | D:7      | Reached skill level 7 in Conjurations
  8049 | D:7      | Reached skill level 4 in Hexes
  8097 | D:6      | Reached XP level 9. HP: 25/57 MP: 12/22
  8618 | D:7      | Found a staircase to the Ecumenical Temple.
  8686 | D:7      | Found an opulent altar of Gozag.
  8774 | D:8      | Noticed a two-headed ogre
  8786 | D:8      | Reached skill level 5 in Hexes
  8791 | D:8      | HP: 14/57 [two-headed ogre/+0 giant spiked club (13)]
  8792 | D:8      | Killed a two-headed ogre
  8792 | D:8      | Reached skill level 10 in Spellcasting
  8792 | D:8      | Reached * piety under Vehumet
  8792 | D:8      | Offered knowledge of Flame Tongue by Vehumet.
  8801 | D:8      | HP: 14/57 [orc/+0 flail (2)]
  9070 | D:8      | HP: 7/57 [wyvern (9)]
  9473 | D:8      | Found Bamets's Changing Room.
  9545 | D:8      | Killed an unseen horror
  9545 | D:8      | Reached skill level 8 in Conjurations
  9545 | D:8      | Reached skill level 6 in Hexes
  9783 | D:8      | Reached XP level 10. HP: 54/63 MP: 24/24
 10159 | D:8      | Reached skill level 11 in Spellcasting
 10165 | D:8      | Noticed a three-headed hydra
 10181 | D:8      | Killed a three-headed hydra
 10181 | D:8      | Reached skill level 7 in Hexes
 10490 | D:9      | Noticed Harold
 10499 | D:9      | Found a staircase to the Orcish Mines.
 10521 | D:9      | HP: 15/63 [gnoll sergeant/+0 spear (6)]
 10522 | D:9      | HP: 1/63 [Harold/+0 scimitar (14)]
 10522 | D:9      | Shot with an arrow by a centaur

Levels and vault maps discovered:
D:1:      dpeg_arrival_rhombus, layout_loops_corners
D:2:      layout_basic, minmay_pentomino_z2
D:3:      layout_loops_corners, first_ration
D:4:      layout_loops_ring, serial_shops, kennysheep_mini, gup_sewer_entry_bowl
D:5:      gammafunk_cloud_chamber, layout_basic, kennysheep_ying_yang,
          vehumet_crystals, nicolae_overflow_crystal_walls,
          minmay_misc_feat_four_crosses, chequers_serial_rivers_micro_a
D:6:      layout_basic, hangedman_ru_absence, nicolae_tso_besieged_by_evil,
          uniq_sigmund
D:7:      layout_cave_pools, temple_pool_b, nicolae_gozag_seed_capital,
          uniq_pikel
D:8:      layout_rooms, hangedman_ranch [blue_anna_fruit_fields],
          chequers_serial_rivers_micro_c, nicolae_transmutations_shop,
          nrook_loot_triangle
D:9:      layout_cave_pools, serial_shops, nicolae_shop_behind_doors,
          grunt_ministairs_1, minmay_misc_feat_enclosed, uniq_harold

Skill      XL: |  1  2  3  4  5  6  7  8  9 10 |
---------------+-------------------------------+-----
Spellcasting   | 3 4 5 6 7 9 10 11 | 11.5
Conjurations   | 4 5 6 7 8 |  8.8
Hexes          | 2 4 6 7 |  7.3
Dodging        | |  1.5
Stealth        | |  1.5

Action                   |  1- 3 |  4- 6 |  7- 9 | 10-12 || total
-------------------------+-------+-------+-------+-------++-------
Melee: Dagger            |     1 |       |       |       ||     1
       Whip              |     6 |    62 |    65 |    55 ||   188
 Cast: Magic Dart        |    74 |    68 |   101 |       ||   243
       Searing Ray       |     1 |    20 |    31 |     4 ||    56
       Dazzling Spray    |       |     4 |     8 |     1 ||    13
       Fulminant Prism   |       |       |     5 |    11 ||    16
  Use: Scroll            |     3 |     1 |     6 |     1 ||    11
 Stab: Sleeping          |       |     2 |     1 |     2 ||     5
       Distracted        |       |     1 |       |       ||     1
       Invisible         |       |     1 |       |       ||     1
Armor: Robe              |     2 |    19 |    13 |       ||    34
       Leather armour    |       |       |    78 |    40 ||   118
Dodge: Dodged            |    12 |    70 |   107 |    51 ||   240

Table legend:
 A = Non-vault XP
 B = Vault XP
 C = Vault XP percentage of total XP
 D = Non-vault monster count
 E = Vault monster count
 F = Vault count percentage of total count
                 A         B        C        D         E       F
            +---------+---------+-------+---------+---------+-------
      Total |    4425 |    3664 |  45.3 |     155 |      51 |  24.8
            +---------+---------+-------+---------+---------+-------
        D:1 |      28 |       0 |   0.0 |      16 |       0 |   0.0
        D:2 |      66 |       2 |   2.9 |      22 |       2 |   8.3
        D:3 |     151 |       0 |   0.0 |      22 |       0 |   0.0
        D:4 |     237 |      21 |   8.1 |      19 |       3 |  13.6
        D:5 |     229 |     266 |  53.7 |      14 |       2 |  12.5
        D:6 |     302 |     233 |  43.6 |      11 |      11 |  50.0
        D:7 |     548 |     617 |  53.0 |      15 |       1 |   6.2
        D:8 |    2778 |    2188 |  44.1 |      31 |       8 |  20.5
        D:9 |      86 |       0 |   0.0 |       5 |       0 |   0.0
      Sewer |       0 |     337 | 100.0 |       0 |      24 | 100.0
            +---------+---------+-------+---------+---------+-------

Levels and vault maps discovered:
D:1:      dpeg_arrival_rhombus, layout_loops_corners
D:2:      layout_basic, minmay_pentomino_z2
D:3:      layout_loops_corners, first_ration
D:4:      layout_loops_ring, serial_shops, kennysheep_mini, gup_sewer_entry_bowl
D:5:      gammafunk_cloud_chamber, layout_basic, kennysheep_ying_yang,
          vehumet_crystals, nicolae_overflow_crystal_walls,
          minmay_misc_feat_four_crosses, chequers_serial_rivers_micro_a
D:6:      layout_basic, hangedman_ru_absence, nicolae_tso_besieged_by_evil,
          uniq_sigmund
D:7:      layout_cave_pools, temple_pool_b, nicolae_gozag_seed_capital,
          uniq_pikel
D:8:      layout_rooms, hangedman_ranch [blue_anna_fruit_fields],
          chequers_serial_rivers_micro_c, nicolae_transmutations_shop,
          nrook_loot_triangle
D:9:      layout_cave_pools, serial_shops, nicolae_shop_behind_doors,
          grunt_ministairs_1, minmay_misc_feat_enclosed, uniq_harold

Table legend:
 A = Turns spent in this place as a percentage of turns spent in the entire game.
 B = Non-inter-level travel turns spent in this place as a percentage of non-inter-level travel turns spent in the entire game.
 C = Inter-level travel turns spent in this place as a percentage of turns spent in this place.
 D = Turns resting spent in this place as a percentage of non-inter-level travel turns spent in this place.
 E = Turns spent auto-exploring this place as a percentage of non-inter-level travel turns spent in this place.
 F = Non-inter-level travel turns spent in this place divided by the number of levels of this place that you've seen.
                   A       B       C       D       E      F
               +-------+-------+-------+-------+-------+----------------------
         Total | 100.0 | 100.0 |   4.3 |  42.5 |  43.1 | 1006.8
       Dungeon |  93.1 |  92.8 |   4.6 |  41.7 |  44.8 | 1037.9
         Sewer |   6.9 |   7.2 |   0.0 |  53.2 |  21.0 | 727.0
               +-------+-------+-------+-------+-------+----------------------

Table legend:
 A = Kills in this place as a percentage of kills in entire the game.
 B = Kills by you in this place as a percentage of kills by you in the entire game.
 C = Kills by friends in this place as a percentage of kills by friends in the entire game.
 D = Other kills in this place as a percentage of other kills in the entire game.
 E = Experience gained in this place as a percentage of experience gained in the entire game.
 F = Experience gained in this place divided by the number of levels of this place that you have seen.
                   A       B       C       D       E      F
               +-------+-------+-------+-------+-------+----------------------
         Total | 100.0 | 100.0 |   N/A |   N/A | 100.0 | 808.9
       Dungeon |  88.3 |  88.3 |   N/A |   N/A |  95.8 | 861.3
         Sewer |  11.7 |  11.7 |   N/A |   N/A |   4.2 | 337.0
               +-------+-------+-------+-------+-------+----------------------
